 Dungeon Crawl Stone Soup version 0.31.0-11-ge490571c62 (webtiles) character file.

Game seed: 10007354198665355318

1759 oldriver the Thaumaturge (level 8, 0/45 HPs)
             Began as a Deep Elf Fire Elementalist on Jan 28, 2024.
             Was an Initiate of Vehumet.
             Engulfed by a steam dragon's steam (8 damage)
             ... on level 7 of the Dungeon.
             The game lasted 00:08:51 (7394 turns).

oldriver the Thaumaturge (DEFE)                     Turns: 7394, Time: 00:08:51

Health: 0/45       AC:  5    Str:  5    XL:     8   Next: 79%
Magic:  14/23      EV: 15    Int: 27    God:    Vehumet [......]
Gold:   260        SH:  0    Dex: 23    Spells: 16/26 levels left

rFire   . . .        o - +3 sling "Upruerug" {drain, rPois rN+ Dex+2}
rCold   . . .        (no shield)
rNeg    + . .        g - +2 robe {Will+}
rPois   +            a - +0 helmet of Tender Moments {rElec Int+4}
rElec   +            (no cloak)
rCorr   .            (no gloves)
SInv    .            (no boots)
Will    +....        (no amulet)
Stlth   +++          e - +6 ring of dexterity
HPRegen 0.27/turn    (no ring)
MPRegen 0.18/turn

%: no passive effects
@: no status effects
A: no striking features
a: Renounce Religion


You were on level 7 of the Dungeon.
You worshipped Vehumet.
Vehumet was noncommittal.
You visited 2 branches of the dungeon, and saw 8 of its levels.

You collected 260 gold pieces.

Inventory:

Hand Weapons
 o - the +3 sling "Upruerug" (weapon) {drain, rPois rN+ Dex+2}
   (You found it on level 2 of the Dungeon)

   Dex+2:     It affects your dexterity (+2).
   rPois:     It protects you from poison rN+: It protects you from negative
   energy.
Missiles
 l - 2 throwing nets
Armour
 a - the +0 helmet of Tender Moments (worn) {rElec Int+4}
   (You found it on level 5 of the Dungeon)

   Int+4:     It affects your intelligence (+4).
   rElec:     It insulates you from electricity.
 g - a +2 robe of willpower (worn)
Jewellery
 e - a +6 ring of dexterity (left hand)
Wands
 r - a wand of iceblast (3)
 t - a wand of charming (13)
Scrolls
 d - 3 scrolls of teleportation
 i - a scroll of silence
 m - a scroll of enchant armour
 p - 2 scrolls of identify
 q - a scroll of vulnerability
Potions
 c - a potion of cancellation
 f - a potion of invisibility
 h - a potion of haste
 j - 3 potions of curing
 k - a potion of berserk rage
 n - a potion of degeneration
 u - a potion of mutation {unknown}


   Skills:
 + Level 2.3 Fighting
 + Level 4.4 Dodging
 + Level 4.4 Stealth
 * Level 9.8 Spellcasting
 + Level 5.4 Conjurations
 + Level 1.3 Translocations
 - Level 6.0 Fire Magic


You had 16 spell levels left.
You knew the following spells:

 Your Spells              Type           Power      Damage    Failure   Level
a - Foxfire               Conj/Fire      100%       2x1d9     1%          1
b - Scorch                Fire           90%        2d8       1%          2
c - Volatile Blastmotes   Fire/Tloc      66%        2d15      3%          3
d - Flame Wave            Conj/Fire      44%        2d11      4%          4

Your spell library contained the following spells:

 Spells                   Type           Power      Damage    Failure   Level
 Inner Flame              Hex/Fire       29%        N/A       3%          3
 Ensorcelled Hibernation  Hex/Ice        26%        N/A       7%          2
 Fugue of the Fallen      Necr           13%        N/A       13%         3
 Anguish                  Hex/Necr       6%         N/A       41%         4


Dungeon Overview and Level Annotations

Branches:
Dungeon (7/15)             Temple (1/1) D:6

Altars:
Cheibriados
Dithmenos
Elyvilon
Gozag
Hepliaklqana
Kikubaaqudgha
Makhleb
Qazlal
Ru
Sif Muna
Uskayaw
Vehumet
Xom
Yredelemnul
Zin
The Shining One

Shops:
D:5 [*   D:6 *


Message History

The sling bullet hits the orc!
You kill the orc!
Vehumet accepts your kill. The goblin misses you.
Unknown command.
You shoot a sling bullet. The sling bullet hits the goblin!
You kill the goblin!
Vehumet accepts your kill.
Casting: Foxfire (safe; 1% risk of failure)
Confirm with . or Enter, or press ? or * to list all spells.
Flames lash the steam dragon.
The steam dragon is lightly wounded.
The steam dragon's fire resistance burns away.
The goblin misses you.
Casting: Scorch (safe; 1% risk of failure)
Confirm with . or Enter, or press ? or * to list all spells.
Flames lash the goblin.
You kill the goblin!
Vehumet accepts your kill.
Casting: Scorch (safe; 1% risk of failure)
Confirm with . or Enter, or press ? or * to list all spells.
Flames lash the steam dragon.
The steam dragon is burned terribly!
The steam dragon is severely wounded.
Casting: Scorch (safe; 1% risk of failure)
Confirm with . or Enter, or press ? or * to list all spells.
Flames lash the steam dragon.
The steam dragon is burned terribly!
The steam dragon is almost dead.
The steam dragon breathes steam at you. The ball of steam hits you!
Casting: Scorch (safe; 1% risk of failure)
Confirm with . or Enter, or press ? or * to list all spells.
Flames lash the ice beast.
The ice beast melts!
The ice beast is moderately wounded.
The ice beast's fire resistance burns away.
You are engulfed in a cloud of scalding steam.
The steam dragon bites you!
* * * LOW HITPOINT WARNING * * *
The steam dragon claws you but does no damage.
You are engulfed in a cloud of scalding steam.
You die...

#.# *>,,,,,,,, #.#
*,******** ###.#
*,******** #...#
*,*,,,,,,, ###.#
*,*,,,,**, #.#
*,*,,,,**, #.#
*,*,,,,**, #.#
*,#,,,,**,
#@#######.#...,**,
#§§DY$.)......,**,
#########.##..,**,
*,,#*,,,**,
*,,,,,,,,*,
*,,~~~~~,*,
*,,~,,,~,*,
**,,~,∩,~,*,
*,,,~,>,~,,,


You could see a steam dragon (catching breath, combustible) and an ice beast
(combustible).

Vanquished Creatures
  Pikel (D:5)
  Sigmund (D:5)
  A steam dragon (D:6)
  A water moccasin (D:5)
  A black bear (D:4)
  A bullfrog (D:7)
  2 scorpions
  A howler monkey (D:6)
  A jelly (D:5)
  2 bombardier beetles (D:5)
  2 hounds
  2 orc priests (D:5)
  A sleepcap (D:6)
  Jessica (D:3)
  2 iguanas
  7 gnolls
  9 adders
  A white imp (D:6)
  4 ufetubi
  4 dart slugs
  3 ribbon worms
  13 orcs
  5 bats
  4 endoplasms
  A giant cockroach (D:3)
  7 goblins
  5 hobgoblins
  3 jackals (D:5)
  10 kobolds
  2 quokkas
  9 ball pythons
  A frilled lizard (D:2)
  3 rats
111 creatures vanquished.

Vanquished Creatures (others)
  288 foxfires
288 creatures vanquished.

Grand Total: 399 creatures vanquished

Notes
Turn   | Place    | Note
-------+----------+-------------------------------------------
     0 | D:1      | oldriver the Deep Elf Fire Elementalist began the quest for
                  | the Orb.
     0 | D:1      | Reached XP level 1. HP: 10/10 MP: 6/6
   452 | D:1      | Reached XP level 2. HP: 15/15 MP: 3/8
   845 | D:1      | Learned a level 2 spell: Scorch
  1571 | D:2      | Reached skill level 4 in Spellcasting
  1706 | D:2      | Found a faded altar of an unknown god.
  1712 | D:2      | Reached XP level 3. HP: 19/19 MP: 4/10
  2202 | D:2      | Reached XP level 4. HP: 24/24 MP: 3/12
  2407 | D:2      | Identified the +3 sling "Upruerug" {drain, rPois rN+ Dex+2}
  2815 | D:3      | Reached skill level 5 in Spellcasting
  3038 | D:3      | Noticed Jessica
  3041 | D:3      | Killed Jessica
  3357 | D:3      | Found a stormy altar of Qazlal.
  3659 | D:4      | Reached XP level 5. HP: 28/28 MP: 12/15
  3872 | D:4      | Noticed a black bear
  3881 | D:4      | Killed a black bear
  3882 | D:4      | Reached skill level 1 in Fighting
  3882 | D:4      | Reached skill level 6 in Spellcasting
  3882 | D:4      | Reached XP level 6. HP: 34/34 MP: 7/17
  4403 | D:4      | Found a basalt altar of Yredelemnul.
  4742 | D:4      | Learned a level 3 spell: Volatile Blastmotes
  4747 | D:4      | Learned a level 4 spell: Flame Wave
  4755 | D:5      | Entered Level 5 of the Dungeon
  4839 | D:5      | Reached skill level 7 in Spellcasting
  4842 | D:5      | Reached skill level 5 in Fire Magic
  4842 | D:5      | Reached XP level 7. HP: 14/39 MP: 1/19
  5094 | D:5      | Identified the +0 helmet of Tender Moments {rElec Int+4}
  5325 | D:5      | Found Naibil's Antique Armour Boutique.
  5335 | D:5      | Noticed Sigmund
  5341 | D:5      | Killed Sigmund
  5342 | D:5      | Reached skill level 8 in Spellcasting
  6021 | D:6      | Found Calihaca's General Store.
  6026 | D:6      | Noticed Pikel
  6037 | D:5      | Killed Pikel
  6038 | D:5      | Reached skill level 9 in Spellcasting
  6038 | D:5      | Reached skill level 5 in Conjurations
  6038 | D:5      | Reached XP level 8. HP: 36/44 MP: 6/23
  6188 | D:6      | Found a staircase to the Ecumenical Temple.
  6249 | Temple   | Entered the Ecumenical Temple
  6265 | Temple   | Became a worshipper of Vehumet
  6821 | D:6      | Found a hazy altar of Hepliaklqana.
  7039 | D:6      | Reached skill level 1 in Translocations
  7394 | D:7      | Engulfed by a steam dragon's steam

Illustrated notes

Levels and vault maps discovered:
D:1:      roderic_crop_circles_arrival_small, layout_basic,
          palyth_stone_intersect, st_stairs_14
D:2:      layout_basic, ebering_ecumenical_altar_box, minmay_bisected
D:3:      layout_loops_ring, overflow_temple_1_default, uniq_jessica
D:4:      layout_loops_corners, mainiacjoe_overflow_brackets,
          minmay_misc_feat_pillars, minmay_ruptured
D:5:      layout_rooms, serial_curves, eino_curves_02, eino_curves_02,
          serial_shops, kennysheep_mini, item_on_display_a, uniq_sigmund
D:6:      layout_basic, nzn_hepliaklqana_mist_gate,
          minmay_temple_entry_mini_moons, serial_shops,
          nicolae_shop_statue_plus, minmay_misc_feat_iff, uniq_pikel
D:7:      layout_basic, enter_bailey_5, uniq_crazy_yiuf_cottage, uniq_joseph
Temple:   dshaligram_water_room_temple

Skill      XL: |  1  2  3  4  5  6  7  8 |
---------------+-------------------------+-----
Spellcasting   | 4 5 6 7 9 |  9.8
Conjurations   | 2 3 5 |  5.4
Fire Magic     | 4 5 6 |  6.0
Fighting       | 1 2 |  2.3
Stealth        | 4 |  4.4
Dodging        | 3 4 |  4.4
Translocations | 1 |  1.3

Action                     |  1- 3 |  4- 6 |  7- 9 || total
---------------------------+-------+-------+-------++-------
   Fire: Sling             |       |    46 |    27 ||    73
   Cast: Foxfire           |    79 |    46 |    51 ||   176
         Scorch            |     5 |    37 |    31 ||    73
  Evoke: Wand              |       |       |     1 ||     1
    Use: Scroll            |       |     8 |     7 ||    15
         Potion            |       |     4 |     1 ||     5
 Armour: Robe              |     2 |    27 |    21 ||    50
  Dodge: Dodged            |     3 |    29 |    11 ||    43
